 Dungeon Crawl Stone Soup version 0.21.1-72-gffa868e (webtiles) character file.

409 Madoushi the Chopper (level 6, -1/56 HPs)
             Began as a Minotaur Berserker on Aug 4, 2018.
             Was a Priest of Trog.
             Slain by Duvessa
             ... wielding a +0 rapier
              (2 damage)
             ... on level 4 of the Dungeon.
             The game lasted 00:08:45 (3010 turns).

Madoushi the Chopper (Minotaur Berserker)           Turns: 3010, Time: 00:08:46

Health: -1/56      AC:  9    Str: 23    XL:     6   Next: 58%
Magic:  5/5        EV: 12    Int:  4    God:    Trog [***...]
Gold:   156        SH:  0    Dex: 10    Spells: 5/5 levels left

rFire    . . .     SeeInvis .   a - +0 hand axe
rCold    . . .     Gourm    .   (no shield)
rNeg     . . .     Faith    .   h - +0 ring mail
rPois    .         Spirit   .   (helmet restricted)
rElec    .         Reflect  .   t - +0 cloak
rCorr    .         Harm     .   d - +1 pair of gloves
MR       +....                  (no boots)
Stlth    ..........             (no amulet)
HPRegen  0.18/turn              r - ring of protection from magic
MPRegen  0.09/turn              (no ring)

@: no status effects
A: retaliatory headbutt, horns 2
a: Berserk, Trog's Hand, Burn Spellbooks, Renounce Religion


You were on level 4 of the Dungeon.
You worshipped Trog.
Trog was most pleased with you.
You were not hungry.

You visited 1 branch of the dungeon, and saw 4 of its levels.

You collected 156 gold pieces.

Inventory:

Hand Weapons
 a - a +0 hand axe (weapon)
Armour
 b - a +0 animal skin
 d - a +1 pair of gloves (worn)
 h - a +0 ring mail (worn)
 t - a +0 cloak (worn)
Jewellery
 e - a -4 ring of protection
 m - an uncursed amulet of rage
 p - an uncursed ring of magical power
 r - a ring of protection from magic (left hand)
Wands
 q - a wand of flame (31)
Scrolls
 i - 4 scrolls of identify
 n - a scroll of random uselessness
Potions
 f - 2 potions of flight {unknown}
 g - 3 potions of invisibility {unknown}
 j - a potion of cancellation {unknown}
 l - 3 potions of curing
 o - 2 potions of lignification {unknown}
 s - a potion of mutation {unknown}
Comestibles
 c - 6 rations
 u - a chunk of flesh


   Skills:
 + Level 5.4 Fighting
 + Level 5.6 Axes
 + Level 4.7 Armour
 + Level 4.0 Dodging
 + Level 0.1 Stealth


You had 5 spell levels left.
You didn't know any spells.

Dungeon Overview and Level Annotations

Branches:
Dungeon (4/15)
 Temple: D:4-7

Altars:
Cheibriados
Makhleb
Nemelex Xobeh
Okawaru
Qazlal
Ru
Uskayaw
Zin

Annotations:
D:4 Duvessa


Innate Abilities, Weirdness & Mutations

You reflexively headbutt those who attack you in melee.
You have a pair of horns on your head.


Message History

As you read the scroll labeled LYET URECS, it crumbles to dust.
You smell tea.
It was a scroll of random uselessness.
Duvessa barely misses you. You furiously retaliate!
You headbutt Duvessa, but do no damage.
Evoke which item? (* to show all) (? for menu, Esc to quit)
Aiming: Throw Flame
Press: ? - help, Shift-Dir - straight line, f/p - Duvessa
Aim: Duvessa, wielding a rapier and wearing a dyed leather armour (moderately wounded, berserk, fast, unusually strong)
The puff of flame hits Duvessa.
Duvessa resists.
Duvessa is moderately wounded.
Duvessa misses you.
You hit Duvessa but do no damage.
Duvessa is moderately wounded.
Duvessa hits you with a rapier!
* * * LOW HITPOINT WARNING * * *
Duvessa misses you.
As you read the scroll labeled ANEEKK WUAPP, it crumbles to dust.
You assume a fearsome visage.
It was a scroll of fear.
Duvessa hits you with a rapier.
You die...

##
####.#.#.#.#.##.####
...
.......#............
...
...................
#.###........#.....###
#........#.#.####..###
###......#.#.#.#
#.....
.....?.......#.#
#.####
.....##......#.# #.#
.## #@##.#.#.# #.#
#e##.#.### #.#
#.##.#.# #.# ..####.#
#.# ... ..# #.# ####
.# #.#


You could see Duvessa (berserk).

Vanquished Creatures
  Sigmund (D:3)
  Dowan (D:4)
  The ghost of Agrougrou the Grave Robber, a weakling GnWn (D:3)
  A hound (D:4)
  5 adders
  A shadow imp (D:4)
  2 oozes (D:1)
  2 worms (D:3)
  A dart slug (D:2)
  3 leopard geckos
  An orc (D:3)
  6 giant cockroaches
  9 goblins
  5 hobgoblins
  6 jackals
  3 kobolds
  7 bats
  A frilled lizard (D:1)
  11 rats
67 creatures vanquished.

Notes
Turn   | Place    | Note
-------+----------+-------------------------------------------
     0 | D:1      | Madoushi the Minotaur Berserker began the quest for the Orb.
     0 | D:1      | Reached XP level 1. HP: 19/19 MP: 0/0
   340 | D:1      | Reached XP level 2. HP: 27/27 MP: 1/1
   653 | D:1      | You fall through a shaft!
   672 | D:2      | Reached ** piety under Trog
   672 | D:2      | Reached XP level 3. HP: 29/33 MP: 2/2
  1095 | D:2      | Found an iron altar of Okawaru.
  1187 | D:2      | Found a sparkling altar of Nemelex Xobeh.
  1193 | D:2      | Found a burning altar of Makhleb.
  1195 | D:2      | Found a snail-covered altar of Cheibriados.
  1421 | D:2      | Reached XP level 4. HP: 41/41 MP: 3/3
  1442 | D:2      | Found a hide-covered altar of Uskayaw.
  1982 | D:3      | Found a sacrificial altar of Ru.
  1986 | D:3      | Noticed Agrougrou's ghost (weakling GnWn)
  2000 | D:3      | Killed Agrougrou's ghost
  2019 | D:3      | Noticed Sigmund
  2025 | D:3      | Killed Sigmund
  2025 | D:3      | Reached skill level 5 in Fighting
  2025 | D:3      | Reached skill level 5 in Axes
  2025 | D:3      | Reached XP level 5. HP: 25/48 MP: 4/4
  2025 | D:3      | Reached XP level 6. HP: 29/56 MP: 5/5
  2213 | D:3      | Found a stormy altar of Qazlal.
  2577 | D:3      | Reached *** piety under Trog
  2637 | D:3      | Found a glowing silver altar of Zin.
  2990 | D:4      | Noticed Dowan
  2992 | D:4      | Noticed Duvessa
  2997 | D:4      | Killed Dowan
  3009 | D:4      | HP: 1/56 [Duvessa/rapier (8)]
  3010 | D:4      | Slain by Duvessa

Skill      XL: |  1  2  3  4  5  6 |
---------------+-------------------+-----
Fighting       | 4 5 |  5.4
Axes           | 4 5 |  5.6
Armour         | 3 4 |  4.7
Dodging        | 3 4 |  4.0
Stealth        | |  0.1

Action                   |  1- 3 |  4- 6 || total
-------------------------+-------+-------++-------
Melee: Hand axe          |    63 |    98 ||   161
       Headbutt          |     7 |    19 ||    26
Evoke: Wand              |       |     2 ||     2
  Use: Scroll            |     2 |     9 ||    11
  Eat: Chunk             |     1 |     2 ||     3
       Ration            |       |     1 ||     1
Armor: Animal skin       |     9 |       ||     9
       Ring mail         |    12 |    34 ||    46
Dodge: Dodged            |    47 |    65 ||   112
